 Dungeon Crawl Stone Soup version 0.27-a0-124-g19cb506db8 (webtiles) character file.

Game seed: 9797834933738087660

290 knot the Chopper (level 6, 52/70 HPs)
             Began as a Demonspawn Berserker on Jan 26, 2021.
             Was a Believer of Trog.
             Quit the game on level 4 of the Dungeon.
             The game lasted 00:02:57 (3339 turns).

knot the Chopper (Demonspawn Berserker)             Turns: 3339, Time: 00:02:58

Health: 52/70      AC:  8    Str: 17    XL:     6   Next: 9%
Magic:  6/6        EV: 10    Int: 11    God:    Trog [**....]
Gold:   98         SH:  0    Dex: 12    Spells: 5/5 levels left

rFire    . . .     SeeInvis .   a - +0 hand axe
rCold    + . .     Faith    .   (no shield)
rNeg     . . .     Spirit   .   h - +0 scale mail
rPois    .         Reflect  .   (no helmet)
rElec    .         Harm     .   (no cloak)
rCorr    .         Rampage  .   (no gloves)
Will     .....                  (no boots)
Stlth    ..........             (no amulet)
HPRegen  0.21/turn              s - ring of protection from cold
MPRegen  0.10/turn              (no ring)

@: berserking, very quick
A: slimy green scales 1, powered by death 2
a: Renounce Religion, Berserk, Trog's Hand


You were on level 4 of the Dungeon.
You worshipped Trog.
Trog was pleased with you.
You visited 1 branch of the dungeon, and saw 4 of its levels.

You collected 98 gold pieces.

Inventory:

Hand Weapons
 a - a +0 hand axe (weapon)
Missiles
 d - 36 stones
 o - 22 poisoned darts (quivered)
 t - 2 atropa-tipped darts
Armour
 c - a +0 leather armour of cold resistance
 h - a +0 scale mail (worn)
Jewellery
 s - a ring of protection from cold (left hand)
Wands
 k - a wand of enslavement (10)
Scrolls
 b - 3 scrolls of amnesia {unknown}
 e - 4 scrolls of identify {unknown}
 f - 3 scrolls of noise {unknown}
 l - a scroll of immolation {unknown}
 m - a scroll of random uselessness {unknown}
 n - 2 scrolls of remove curse {unknown}
 p - a scroll of teleportation {unknown}
 q - a scroll of enchant armour {unknown}
Potions
 g - 3 potions of curing {unknown}
 i - a potion of heal wounds {unknown}
 j - 2 potions of flight {unknown}
 r - a potion of magic {unknown}


   Skills:
 - Level 3.0 Fighting
 * Level 6.0 Axes
 * Level 1.3 Throwing
 - Level 1.7 Armour
 - Level 1.7 Dodging


You had 5 spell levels left.
You didn't know any spells.
Your spell library was empty.

Dungeon Overview and Level Annotations

Branches:
Dungeon (4/15)
 Temple: D:4-7

Altars:
Zin


Innate Abilities, Weirdness & Mutations

You are partially covered in slimy green scales. (AC +2)
You regenerate health from kills.


Message History

The phantom is heavily damaged.
The phantom hits you.
You slash the phantom!
The phantom is almost destroyed.
You miss the phantom.
The phantom is almost destroyed.
The phantom hits you.
The phantom blinks!
You hit the phantom.
The phantom is almost destroyed.
You slash the phantom!
You destroy the phantom!
Trog accepts your kill.
Your Axes skill increases to level 6!
Your Throwing skill increases to level 1!
You have reached level 6!
Your experience leads to an increase in your attributes!
Increase (S)trength, (I)ntelligence, or (D)exterity?
You feel clever.
Your demonic ancestry asserts itself...
Slimy green scales grow over part of your body.
Are you sure you want to abandon this character and quit the game? (Confirm with "yes".)

##....###.#
#.....#...#
#.........#
#........
#......
#...#
##...##
#..§..#
#..@..#
#.)†..#
#..†..#
....#.....#
#..###...##
#..###....#
#.........#
#........##
#.........#


There were no monsters in sight!

Vanquished Creatures
  2 phantoms (D:4)
  2 adders
  2 oozes
  2 adder skeletons (D:4)
  2 worms (D:3)
  4 dart slugs
  A leopard gecko (D:3)
  An orc (D:4)
  A ball python (D:3)
  4 bats (D:2)
  7 giant cockroaches
  9 goblins
  8 hobgoblins
  2 jackals (D:3)
  7 kobolds
  5 frilled lizards
  9 rats
68 creatures vanquished.

Notes
Turn   | Place    | Note
-------+----------+-------------------------------------------
     0 | D:1      | knot the Demonspawn Berserker began the quest for the Orb.
     0 | D:1      | Reached XP level 1. HP: 18/18 MP: 1/1
   381 | D:1      | Reached skill level 3 in Axes
   539 | D:1      | Gained mutation: You regenerate a little health from kills.
                  | [demonic ancestry]
   539 | D:1      | Reached XP level 2. HP: 23/24 MP: 2/2
  1550 | D:2      | Reached XP level 3. HP: 29/29 MP: 3/3
  1562 | D:2      | Reached ** piety under Trog
  1610 | D:2      | Reached skill level 4 in Axes
  2179 | D:3      | Gained mutation: You regenerate health from kills. [demonic
                  | ancestry]
  2179 | D:3      | Reached XP level 4. HP: 35/35 MP: 4/4
  2905 | D:3      | Found a glowing silver altar of Zin.
  3247 | D:4      | Noticed a phantom
  3259 | D:4      | Reached skill level 5 in Axes
  3267 | D:4      | Killed a phantom
  3268 | D:4      | Reached XP level 5. HP: 38/41 MP: 5/5
  3320 | D:4      | Noticed a phantom
  3338 | D:4      | Killed a phantom
  3339 | D:4      | Reached skill level 6 in Axes
  3339 | D:4      | Reached skill level 1 in Throwing
  3339 | D:4      | Gained mutation: You are partially covered in slimy green
                  | scales. (AC +2) [demonic ancestry]
  3339 | D:4      | Reached XP level 6. HP: 47/47 MP: 6/6
  3339 | D:4      | Quit the game

Illustrated notes

Levels and vault maps discovered:
D:1:      dpeg_arrival_fog, layout_loops_cross
D:2:      layout_basic, kennysheep_cluttered_room, minmay_close_crescents
D:3:      layout_basic, old_standard_altar, guppyfry_early_lair_pool
D:4:      layout_gridville, nemelex_xobeh_ov_fountains_minmay,
          minmay_temple_entry_enclosed_plants, minmay_lizard_king

Skill      XL: |  1  2  3  4  5 |
---------------+----------------+-----
Axes           | 3 4 5 6 |  6.0
Throwing       | 1 |  1.3
Fighting       | |  3.0
Armour         | |  1.7
Dodging        | |  1.7

Action                   |  1- 3 |  4- 6 || total
-------------------------+-------+-------++-------
Melee: Hand axe          |   168 |    80 ||   248
Invok: Berserk           |     1 |     3 ||     4
       Trog's Hand       |       |     1 ||     1
Armor: Animal skin       |     1 |       ||     1
       Scale mail        |    64 |    11 ||    75
Dodge: Dodged            |    98 |    36 ||   134

Table legend: (Time is in decaauts)
 A = Elapsed time spent in this place.
 B = Non-inter-level travel time spent in this place.
 C = Inter-level travel time spent in this place.
 D = Time resting spent in this place.
 E = Time spent auto-exploring this place.
 F = Levels seen in this place.
 G = Mean time per level.
                   A        B        C        D        E       F      G
               +--------+--------+--------+--------+--------+-----+--------+
         Total |   3378 |   3255 |    123 |    740 |   2047 |   4 |  844.5 |
       Dungeon |   3378 |   3255 |    123 |    740 |   2047 |   4 |  844.5 |
               +--------+--------+--------+--------+--------+-----+--------+

Top non-repeatable levels by time:
     D:1: 1305 daAuts
     D:3: 1089 daAuts
     D:2: 872 daAuts
     D:4: 111 daAuts
